[Event "*** Titled Tuesday Blitz"]
[Site "Chess.com"]
[Date "2020.10.20"]
[Round "11"]
[White "ajdemipopushi"]
[Black "Ladislav1969"]
[Result "0-1"]
[WhiteElo "2339"]
[BlackElo "2432"]
[TimeControl "180+1"]
[EndTime "12:08:14 PDT"]
[Termination "Ladislav1969 won on time"]

1. Nf3 Nf6 2. g3 g6 3. c4 Bg7 4.
Bg2 d5 5. cxd5 Nxd5 6. d4 O-O 7. O-O Nc6 8. e4 Nb6 9. d5 Na5 10. Nc3 c6 11. Re1 cxd5 12. exd5 Nac4 13. a4 Re8 14. Qe2 Nd6 15. Bg5 Nf5 16. Rad1 h6 17. Bf4 Bd7 18. a5 Na4 19. Be5 Nxc3 20. Bxc3 Bxc3 21. bxc3 Qxa5 22. g4 Nd6 23. Ne5 Rad8 24. Qe3 Kg7 25. h4 Qb6 26. Qd3 Qc7 27. h5 g5 28. Rf1 Qc8 29. Qe2 Bb5 30. Qf3 Bxf1 31. Rxf1 e6 0-1

[Event "*** Titled Tuesday Blitz"]
[Site "Chess.com"]
[Date "2020.10.20"]
[Round "11"]
[White "Sergey85Rodchenkov"]
[Black "MF1966Idrisov"]
[Result "1-0"]
[WhiteElo "2426"]
[BlackElo "2328"]
[TimeControl "180+1"]
[EndTime "12:08:15 PDT"]
[Termination "Sergey85Rodchenkov won by resignation"]

1. e4 c6 2. d4 d5 3. exd5 cxd5 4. c4 Nf6 5. Nc3 g6 6. Qb3 Bg7 7. cxd5 O-O 8. Be2 Nbd7 9. Bf3 Nb6 10. Bg5 Bf5 11.
Nge2 Bd3 12. O-O Bc4 13. Qa3 Bxd5 14. Nxd5 Nbxd5 15. Nc3 Qd7 16. Rfe1 e6 17. h4 b6 18. Bxf6 Bxf6 19. h5 Bxd4 20. Rad1 Bc5 21. Qb3 Qe7 22.
Nxd5 Qh4 23. Ne3 Rad8 24. g3 Qg5 25. Kg2 Rd4 26. hxg6 hxg6 27. Rxd4 Bxd4 28. Rd1 e5 29. Nc2 Bc5 30. Qd3 a5 31. Bd5 Kg7 32. Qf3 f5 33. Bb3 Qe7 34. Qd5 Kf6 35. Qd7 e4 36. Qxe7+ Kxe7 37. Ne3 Kf6 38. Nd5+ Ke5 39. Nf4 Kf6 40. Rd7 g5 41. Nd5+ Ke5 42. Rg7 g4 43. Nf4 Kd4 44.
Ne6+ 1-0

[Event "*** Titled Tuesday Blitz"]
[Site "Chess.com"]
[Date "2020.10.20"]
[Round "11"]
[White "alejanchess73"]
[Black "TurboSteen"]
[Result "1-0"]
[WhiteElo "2391"]
[BlackElo "2060"]
[TimeControl "180+1"]
[EndTime "12:08:15 PDT"]
[Termination "alejanchess73 won on time"]

1. e4 e6 2. d4 d5 3. Nc3 Bb4 4. Ne2 Nc6 5. a3 Ba5 6. e5 Nge7 7. f4 f6 8. exf6 gxf6 9. Ng3 O-O 10. Be3 e5 11. fxe5 fxe5 12. Ne2 Bg4 13. b4 Bb6 14. Qd2 Nf5 15. Bg5 Qd7 16. dxe5 d4 17. Ne4 Nxe5 18. Nf6+ Rxf6 19. Bxf6 Nc4 20. Qg5+ Kf7 21. Qxg4 Kxf6 22.
Nf4 Nce3 23. Nh5+ Kf7 24. Bc4+ Ke7 25. Qe4+ Kf8 26. Be6 Qb5 27. Kd2 Re8 28. Nf6 Nc4+ 29. Kc1 d3 30. Nxe8 d2+ 31. Kb1 1-0

[Event "*** Titled Tuesday Blitz"]
[Site "Chess.com"]
[Date "2020.10.20"]
[Round "11"]
[White "Buffy7"]
[Black "Sychev_Klementy"]
[Result "0-1"]
[WhiteElo "2649"]
[BlackElo "2859"]
[TimeControl "180+1"]
[EndTime "12:08:17 PDT"]
[Termination "Sychev_Klementy won on time"]

1. c4 c6 2. d4 d5 3. Nf3 Nf6 4. e3 a6 5. c5 Bg4 6. Qb3 Qc7 7. Ne5 Bf5 8. Nd2 Nbd7 9. Ndf3 Ne4 10. Nxd7 Bxd7 11. Be2 Bg4 12. h3 Bh5 13. g4 Bg6 14.
Ne5 f6 15. Nxg6 hxg6 16. Bf3 f5 17. Bd2 e6 18. h4 Be7 19. g5 e5 20. Bxe4 fxe4 21.
dxe5 Bxg5 22. O-O-O Bxh4 23. Rdg1 O-O-O 24. Rxg6 Bxf2 25. Rf1 Rdf8 26. e6 Rh6 27. Rg2 Rhf6 28. Kb1 Qe7 29. Bc3 Bxe3 30. Bxf6 Rxf6 31. Rh1 Bh6 32. a3 Qxe6 33.
Rxh6 Rf1+ 34. Ka2 Qxh6 35. Qc2 Qf6 0-1

[Event "*** Titled Tuesday Blitz"]
[Site "Chess.com"]
[Date "2020.10.20"]
[Round "11"]
[White "Chessmatus"]
[Black "ArjunErigaisi2003"]
[Result "1-0"]
[WhiteElo "2414"]
[BlackElo "3001"]
[TimeControl "180+1"]
[EndTime "12:08:18 PDT"]
[Termination "Chessmatus won by resignation"]

1. e4 e6 2. d4 d5 3. e5 c5 4. c3 Nc6 5. Nf3 Qb6 6. a3 c4 7. Nbd2 Na5 8. g3 Bd7 9. Bg2 Ne7 10. O-O Qc7 11. Rb1 Nc8 12. Re1 Nb6 13. Nf1 Ba4 14.
Qe2 O-O-O 15. h4 h6 16. Bf4 Be7 17. h5 Rdg8 18. g4 Qd8 19. Bh2 g6 20. Ne3 gxh5 21.
gxh5 Rg7 22. Kh1 Qg8 23. Rg1 Qh7 24. Bh3 Rhg8 25. Ng4 Bc2 26. Nf6 Bxf6 27. exf6 Rxg1+ 28. Rxg1 Be4 29. Qe3 Na4 30. Qf4 Bxf3+ 31. Qxf3 b6 32.
Rxg8+ Qxg8 33. Qf4 Kb7 34. Qc7+ Ka6 35. Bxe6 fxe6 36.
f7 Qh8 37. Bd6 Qf6 38. f8=Q Qh4+ 39. Bh2 Nxb2 40. Qfc8+ Kb5 41. Q7d7+ 1-0

[Event "*** Titled Tuesday Blitz"]
[Site "Chess.com"]
[Date "2020.10.20"]
[Round "11"]
[White "Astaneh"]
[Black "Margency"]
[Result "1-0"]
[WhiteElo "2560"]
[BlackElo "2664"]
[TimeControl "180+1"]
[EndTime "12:08:18 PDT"]
[Termination "Astaneh won by resignation"]

1. e4 c5 2. Nf3 d6 3. c3 Nf6 4.
Be2 Bd7 5. d3 g6 6. Nbd2 Bg7 7.
O-O O-O 8. Re1 e5 9. Nc4 Be6 10. Bf1 Nc6 11. Bg5 h6 12. Bh4 Qc7 13. Qc1 Nh5 14.
Ne3 Nf4 15. Bg3 Ne7 16. d4 cxd4 17. cxd4 Qxc1 18. Raxc1 Rfc8 19. d5 Bd7 20. Nd2 Rxc1 21. Rxc1 Rc8 22. Rxc8+ Nxc8 23. f3 h5 24. Bf2 Bf6 25. h4 Bd8 26. Kh2 g5 27. hxg5 Bxg5 28. g3 Ng6 29. Bh3 Bxh3 30. Kxh3 Kf8 31. Ndc4 Bd8 32. Nf5 Bc7 33. a4 b6 34. Be3 Ke8 35. Ng7+ Kd7 36. Nxh5 a6 37. Nf6+ Ke7 38. Bg5 Kf8 39.
Kg4 b5 40. axb5 axb5 41. Na3 b4 42. Nc4 Nb6 43. Nxb6 Bxb6 44. Nd7+ Kg7 45. Nxb6 1-0

[Event "*** Titled Tuesday Blitz"]
[Site "Chess.com"]
[Date "2020.10.20"]
[Round "11"]
[White "EvgenyRomanov"]
[Black "Grieve72"]
[Result "0-1"]
[WhiteElo "2574"]
[BlackElo "2453"]
[TimeControl "180+1"]
[EndTime "12:08:20 PDT"]
[Termination "Grieve72 won by resignation"]

1. d4 d5 2. c4 e6 3. Nf3 c6 4. e3 Bd6 5. Bd3 f5 6. O-O Nf6 7. b3 Qe7 8. Bb2 O-O 9. Nc3 Bd7 10. Ne2 Be8 11. Ne5 Bh5 12. f3 g5 13. Rc1 Nbd7 14.
Ng3 f4 15. exf4 gxf4 16. Nxh5 Nxh5 17. Re1 Nxe5 18. Rxe5 Bxe5 19. dxe5 Ng7 20. Qd2 Qg5 21. cxd5 cxd5 22. Qb4 Rf7 23. Rc2 h5 24. Bc1 h4 25.
Re2 Rc8 26. Bd2 Nh5 27. Qd6 Rc6 28. Qb8+ Kg7 29. Qxa7 h3 30. g4 Rfc7 31. Qd4 Rc1+ 32. Re1 Rxe1+ 33. Bxe1 Rc1 34. Kf1 Ng3+ 35. hxg3 h2 36.
Kg2 Rxe1 37. Kxh2 Qh6+ 38. Kg2 Qh1+ 0-1

[Event "*** Titled Tuesday Blitz"]
[Site "Chess.com"]
[Date "2020.10.20"]
[Round "11"]
[White "medalja"]
[Black "Anton_Demchenko"]
[Result "0-1"]
[WhiteElo "2462"]
[BlackElo "2803"]
[TimeControl "180+1"]
[EndTime "12:08:21 PDT"]
[Termination "Anton_Demchenko won by checkmate"]

1. d4 Nf6 2. c4 g6 3. Nf3 Bg7 4. g3 O-O 5. Bg2 d6 6. O-O Nc6 7. Nc3 Rb8 8. b3 a6 9. Nd5 Nd7 10. Bb2 e6 11. Nc3 Ne7 12. Rc1 b5 13. cxb5 axb5 14.
Qc2 Bb7 15. Rfd1 Ba8 16. Qd3 b4 17. Na4 Bc6 18. Qc2 Nb6 19. Ng5 Bxg2 20. Kxg2 Nxa4 21. bxa4 c6 22. h4 Rc8 23. h5 Nd5 24. Ne4 f5 25. Nd2 f4 26. hxg6 fxg3 27. gxh7+ Kh8 28. Ne4 Rxf2+ 29. Kxg3 Rg2+ 30. Kxg2 Ne3+ 31. Kf2 Nxc2 32. Rxc2 Qh4+ 33. Ke3 Bh6+ 34. Kd3 Qh3+ 35. Kc4 d5+ 36. Kc5 dxe4 37. Rg1 Kxh7 38. Bc1 Qf5+ 39. Kb6 Rb8+ 40. Kc7 Bf4+ 41. Bxf4 Qxf4+ 42. Kd7 Rb7+ 43. Kxe6 Qf7+ 44.
Kd6 Qd5# 0-1

[Event "*** Titled Tuesday Blitz"]
[Site "Chess.com"]
[Date "2020.10.20"]
[Round "11"]
[White "Chamal_Gedgafov"]
[Black "BikingBrian"]
[Result "0-1"]
[WhiteElo "2157"]
[BlackElo "2252"]
[TimeControl "180+1"]
[EndTime "12:08:22 PDT"]
[Termination "BikingBrian won on time"]

1. d4 Nf6 2. c4 g6 3. Nc3 Bg7 4. e4 d6 5. Nf3 O-O 6. Be2 Na6 7. Be3 Ng4 8. Bg5 h6 9. Bh4 g5 10. Bg3 e5 11. h4 f5 12. exf5 Bxf5 13. hxg5 hxg5 14.
Qd2 exd4 15. Nxd4 Qf6 16. Nxf5 Qxf5 17. O-O-O Ne5 18. Nd5 Rae8 19. Rh5 c6 20. Rxg5 Qd7 21. Nc3 Nf7 22. Rh5 Re7 23. Bd3 Rfe8 24. Rdh1 Nc5 25. Bc2 Ne6 26. Rh7 Nf8 27. R7h5 Ne5 28. Bxe5 Rxe5 29.
Bh7+ Nxh7 30. Rxh7 Qf7 0-1

[Event "*** Titled Tuesday Blitz"]
[Site "Chess.com"]
[Date "2020.10.20"]
[Round "11"]
[White "W_Amadeus"]
[Black "KetiGrant"]
[Result "1-0"]
[WhiteElo "2751"]
[BlackElo "2367"]
[TimeControl "180+1"]
[EndTime "12:08:23 PDT"]
[Termination "W_Amadeus won by resignation"]

1. e4 c5 2. Nf3 Nc6 3. Bb5 g6 4. O-O Bg7 5. c3 Nf6 6. Re1 O-O 7. d4 cxd4 8. cxd4 d5 9. e5 Ne4 10. Nc3 Nxc3 11. bxc3 f6 12. Bxc6 bxc6 13. Ba3 Bg4 14.
exf6 Bxf6 15. Qe2 Bxf3 16. gxf3 Qc7 17. Qe6+ Rf7 18. Re2 Kg7 19. Rae1 Raf8 20. Kg2 Qf4 21. Qg4 Qc7 22. Re6 h5 23. Qg3 Qd7 24. Bc5 Re8 25. f4 Kh7 26. Qh3 Rg7 27. Rxf6 exf6 28. Qxd7 Rxd7 29.
Rxe8 Kg7 30. Re7+ Rxe7 31. Bxe7 Kf7 32. Bd8 a6 33. Kf3 Ke6 34. h3 Kf5 35. Bc7 g5 36. fxg5 fxg5 37. Bb8 Kg6 38. Be5 Kf5 39. a4 Kg6 40.
Kg3 Kf5 41. f3 Kg6 42. h4 Kf5 43. hxg5 Kxg5 44. f4+ Kf5 45. Kh4 Kg6 46. a5 Kh6 47. f5 Kh7 48. Kxh5 1-0

[Event "*** Titled Tuesday Blitz"]
[Site "Chess.com"]
[Date "2020.10.20"]
[Round "11"]
[White "TudorAnton"]
[Black "frederiksvane"]
[Result "1-0"]
[WhiteElo "2500"]
[BlackElo "2640"]
[TimeControl "180+1"]
[EndTime "12:08:23 PDT"]
[Termination "TudorAnton won on time"]

1. d4 Nf6 2. Nf3 b6 3. c4 Bb7 4.
Nc3 e6 5. d5 Bb4 6. Bg5 h6 7.
Bh4 d6 8. Qa4+ Nc6 9. dxc6 Bxc3+ 10. bxc3 Bc8 11. e3 g5 12. Bg3 Ne4 13. Qc2 Qf6 14. Nd4 Nc5 15. h4 e5 16. Nb5 Kd8 17. Rd1 a6 18. hxg5 hxg5 19. Rxh8+ Qxh8 20. Na3 f5 21. f3 Be6 22. Qd2 Ke7 23. e4 f4 24. Bf2 g4 25.
Nc2 Qh1 26. Nb4 gxf3 27. gxf3 Qxf3 28. Nd5+ Bxd5 29. Qxd5 Nxe4 30. Bh4+ Kf8 31. Rd3 Qh1 32. Rh3 Qg1 33. Qxe4 Qg4 34. Qh7 Qg7 35. Qf5+ Qf7 36. Be7+ Kxe7 37. Rh7 Rf8 38. Rxf7+ Rxf7 39. Qc8 Kf6 40.
Bg2 Rg7 41. Kf2 1-0

[Event "*** Titled Tuesday Blitz"]
[Site "Chess.com"]
[Date "2020.10.20"]
[Round "11"]
[White "Chernobay_Artem"]
[Black "1stSecond"]
[Result "0-1"]
[WhiteElo "2597"]
[BlackElo "2774"]
[TimeControl "180+1"]
[EndTime "12:08:24 PDT"]
[Termination "1stSecond won by resignation"]

1. d4 Nf6 2. c4 c5 3. d5 e6 4. Nc3 exd5 5. cxd5 g6 6. e4 Bg7 7. f4 d6 8. Bb5+ Nfd7 9. Bd3 O-O 10. Nf3 Re8 11. O-O a6 12. a4 Qc7 13. Qe1 c4 14. Bc2 Nc5 15. Qh4 Nbd7 16. f5 Ne5 17. f6 Nxf3+ 18.
Rxf3 Bh8 19. Bg5 Bd7 20. Raf1 Re5 21. g4 Rf8 22. Kh1 Qc8 23. Rg1 Nd3 24. Bxd3 cxd3 25. Qh6 Bxg4 26. Rf4 Rxg5 27. Qxg5 Be2 28. Qh6 Re8 29.
Nxe2 dxe2 30. Rh4 Bxf6 31. Qxh7+ Kf8 32. Rf4 Ke7 33. Rf2 Rh8 0-1

[Event "*** Titled Tuesday Blitz"]
[Site "Chess.com"]
[Date "2020.10.20"]
[Round "11"]
[White "Shuvalov"]
[Black "Trickov"]
[Result "1-0"]
[WhiteElo "2483"]
[BlackElo "2351"]
[TimeControl "180+1"]
[EndTime "12:08:24 PDT"]
[Termination "Shuvalov won on time"]

1. b4 a5 2. b5 c5 3. e4 b6 4. c4 Bb7 5. Nc3 d6 6. g3 Nf6 7. Bg2 g6 8. Nge2 Bg7 9. O-O O-O 10. d3 Nbd7 11. h3 h6 12. f4 e6 13. Bb2 Qc7 14. Rb1 Rad8 15. g4 Qb8 16. Qe1 Qa8 17. Qg3 d5 18. cxd5 exd5 19. e5 Nh7 20. d4 c4 21.
f5 Rfe8 22. Nf4 Nxe5 23. dxe5 Bxe5 24. Nce2 g5 25. Bxe5 Rxe5 26. Nd4 gxf4 27. Qxf4 Re4 28. Bxe4 dxe4 29. Rbd1 Ng5 30. Kh2 Qb8 31. Qxb8 Rxb8 32. h4 Nf3+ 33. Nxf3 exf3 34. Rd7 Ba8 35. Rc7 Bd5 36. Kg3 Re8 37. Rd1 Rd8 38. Rxc4 Bxc4 39. Rxd8+ Kg7 40. a4 Bb3 41. Rd6 Bxa4 42. Rxb6 Bb3 43.
Kxf3 a4 44. Ra6 Bc4 45. Ra5 a3 46. b6 a2 47. Ke4 Bf1 48. Rxa2 Bg2+ 49. Rxg2 1-0

[Event "*** Titled Tuesday Blitz"]
[Site "Chess.com"]
[Date "2020.10.20"]
[Round "11"]
[White "ViditYT"]
[Black "LittlePeasant"]
[Result "0-1"]
[WhiteElo "2911"]
[BlackElo "2829"]
[TimeControl "180+1"]
[EndTime "12:08:25 PDT"]
[Termination "LittlePeasant won on time"]

1. d4 Nf6 2. c4 e6 3. Nf3 d5 4. g3 a6 5. Bg2 dxc4 6. O-O Nc6 7. e3 b5 8. Ne5 Nxe5 9. Bxa8 Ned7 10. b3 cxb3 11.
axb3 Bd6 12. Bg2 O-O 13. Bb2 Qe7 14. Nd2 e5 15. Qc2 Re8 16. e4 Bb7 17. d5 Rc8 18.
Rfc1 Bc5 19. h3 Ne8 20. Nf3 f6 21. h4 Nd6 22. Bh3 Bb6 23. Ba3 a5 24. Bxd6 Qxd6 25. Qd3 Nc5 26. Qxb5 Ba6 27. Qc6 Qxc6 28. dxc6 Rb8 29.
Nd2 Nd3 30. Rf1 Nb4 31. Nc4 Nxc6 32. Rfd1 Bd4 33. Rac1 Rxb3 34. Be6+ Kf8 35. Nd2 Rxg3+ 36. Kh2 Rc3 0-1

[Event "*** Titled Tuesday Blitz"]
[Site "Chess.com"]
[Date "2020.10.20"]
[Round "11"]
[White "natelleka"]
[Black "MoreChessJulia"]
[Result "0-1"]
[WhiteElo "2182"]
[BlackElo "2017"]
[TimeControl "180+1"]
[EndTime "12:08:26 PDT"]
[Termination "MoreChessJulia won on time"]

1. e4 g6 2. d4 Bg7 3. Nc3 c5 4. Nf3 cxd4 5. Nxd4 Nc6 6. Nb3 d6 7. Be2 Nf6 8. Bg5 h6 9. Bh4 O-O 10. O-O Ne8 11. Re1 g5 12. Bg3 e6 13. Qd2 a6 14. a4 f5 15. exf5 exf5 16. Bc4+ Kh8 17. f3 f4 18. Bf2 Ne5 19. Bd5 Nf6 20. Rad1 g4 21. fxg4 Nexg4 22. Bd4 Ne3 23. Bxe3 fxe3 24. Rxe3 Ng4 25. Rf3 Bf5 26. Nd4 Qd7 27. Nxf5 Rxf5 28. Rxf5 Qxf5 29. Rf1 Qh5 30. h3 Nf6 31. Bxb7 Rb8 32.
Bxa6 Qc5+ 33. Kh1 Rxb2 34. Bb5 Nh5 35. Ne2 Rxc2 36. Qd1 Be5 37. Rf8+ Kg7 38. Rb8 Rxe2 39. Bxe2 Ng3+ 40. Kh2 Nxe2+ 41. Kh1 Ng3+ 42. Kh2 Ne4+ 43. Kh1 Nf2+ 0-1

[Event "*** Titled Tuesday Blitz"]
[Site "Chess.com"]
[Date "2020.10.20"]
[Round "11"]
[White "onetowin"]
[Black "MaxLeto"]
[Result "0-1"]
[WhiteElo "2109"]
[BlackElo "2301"]
[TimeControl "180+1"]
[EndTime "12:08:26 PDT"]
[Termination "MaxLeto won on time"]

1. d4 a6 2. Nf3 b6 3. g3 c6 4. Bg2 d6 5. O-O e6 6. c4 f6 7. Nc3 g6 8. e4 h6 9. Be3 Bb7 10. Qc2 Ne7 11. d5 cxd5 12. exd5 e5 13. Nh4 f5 14. f4 Nd7 15. Bh3 Bg7 16. fxe5 Nxe5 17.
Nxg6 N7xg6 18. Bxf5 Nf8 19. Rae1 Qc7 20. Ne4 Nfd7 21. Bf4 O-O-O 22. Qc3 Kb8 23. Bxd7 Rxd7 24. Nxd6 Qxd6 25. Bxe5 Bxe5 26. Rxe5 Rc8 27. Re6 Qc5+ 28. Kg2 Bxd5+ 29. cxd5 Qxd5+ 30. Qf3 Qxe6 31. Qf4+ Qd6 32. Qf3 Qd5 0-1

[Event "*** Titled Tuesday Blitz"]
[Site "Chess.com"]
[Date "2020.10.20"]
[Round "11"]
[White "Ariadna_Atreides"]
[Black "AttractiveMustard"]
[Result "0-1"]
[WhiteElo "2084"]
[BlackElo "2349"]
[TimeControl "180+1"]
[EndTime "12:08:27 PDT"]
[Termination "AttractiveMustard won by checkmate"]

1. d4 Nf6 2. Nf3 g6 3. c4 Bg7 4.
Nc3 O-O 5. e4 d6 6. Be2 e5 7. d5 a5 8. Bg5 h6 9. Bh4 g5 10. Bg3 Nh5 11. Nd2 Nf4 12. O-O Na6 13. a3 Bd7 14. Bg4 Nc5 15. Bxd7 Qxd7 16. b4 axb4 17.
axb4 Ncd3 18. Qb3 h5 19. f3 h4 20. Bf2 Nxf2 21. Kxf2 g4 22. g3 Nh3+ 23. Kg2 Rxa1 24.
Rxa1 Bh6 25. Ra2 Bxd2 26. Rxd2 gxf3+ 27. Kxf3 f5 28. Kg2 f4 29. Nd1 f3+ 30. Kf1 Qg4 31. Qe3 hxg3 32. hxg3 Qxg3 33. c5 Ra8 34. cxd6 cxd6 35. Rc2 Rf8 36. Qe1 Qg1# 0-1

[Event "*** Titled Tuesday Blitz"]
[Site "Chess.com"]
[Date "2020.10.20"]
[Round "11"]
[White "shaheus"]
[Black "UmarovSabir"]
[Result "1/2-1/2"]
[WhiteElo "2178"]
[BlackElo "2321"]
[TimeControl "180+1"]
[EndTime "12:08:29 PDT"]
[Termination "Game drawn by repetition"]

1. e4 g6 2. d4 Bg7 3. Nf3 c6 4.
Nc3 d5 5. exd5 cxd5 6. Be2 Nf6 7. O-O O-O 8. Bf4 Nc6 9. Ne5 Qb6 10. Nxc6 Qxc6 11.
Be5 a6 12. a3 Bf5 13. Bd3 Qd7 14. Re1 Rac8 15. Qf3 Bxd3 16. Qxd3 b5 17. Rad1 Rc6 18. Nb1 Rfc8 19. c3 Ne4 20. Bxg7 Kxg7 21. Nd2 Nxd2 22. Rxd2 Re6 23. Rde2 Rxe2 24. Rxe2 a5 25. h3 Qd6 26. Qxb5 Ra8 27. Qc5 Qxc5 28. dxc5 a4 29. Rxe7 Rb8 30.
Ra7 Rxb2 31. Rxa4 Rb3 32. Rd4 Rxa3 33. Rxd5 Rxc3 34. Kf1 Kf6 35. Ke1 Ke6 36. Rd6+ Ke7 37. Rc6 Kd7 38. Rd6+ Ke7 39. Rd5 Ke6 40. Rd6+ Ke7 1/2-1/2

[Event "*** Titled Tuesday Blitz"]
[Site "Chess.com"]
[Date "2020.10.20"]
[Round "11"]
[White "esrosenberg"]
[Black "Manukyan_Artak"]
[Result "0-1"]
[WhiteElo "2298"]
[BlackElo "2419"]
[TimeControl "180+1"]
[EndTime "12:08:30 PDT"]
[Termination "Manukyan_Artak won on time"]

1. Nf3 d5 2. c4 d4 3. e3 c5 4. b4 f6 5. bxc5 e5 6. exd4 exd4 7. d3 Bxc5 8. Be2 Ne7 9. O-O O-O 10. Nbd2 b6 11.
a4 Bb7 12. a5 Nbc6 13. a6 Bc8 14. Nb3 Ng6 15. Re1 Re8 16. Ba3 Bxa3 17. Rxa3 Qd6 18. Ra1 Bd7 19. g3 Nge5 20. Qd2 Re7 21. Qf4 Rae8 22.
Nxe5 Rxe5 23. Qd2 Qe7 24. Nc1 Bg4 25. Bxg4 Rxe1+ 26. Kg2 Qb4 27. Qxb4 Nxb4 28. Bf5 Rd1 29. Rb1 Nxa6 30. Be4 Nc5 31. Bf3 Rde1 32. Ra1 a5 33. Bd5+ Kf8 34. Kf3 Rd1 35. Rb1 Ree1 36. Rxb6 Rxc1 0-1

[Event "*** Titled Tuesday Blitz"]
[Site "Chess.com"]
[Date "2020.10.20"]
[Round "11"]
[White "Roza_Idrisova"]
[Black "dosto07"]
[Result "1-0"]
[WhiteElo "2183"]
[BlackElo "2297"]
[TimeControl "180+1"]
[EndTime "12:08:30 PDT"]
[Termination "Roza_Idrisova won on time"]

1. d4 d5 2. Nf3 Nf6 3. Bg5 Ne4 4.
Bf4 c5 5. c3 Nc6 6. e3 Bg4 7.
Nbd2 e6 8. Be2 Nxd2 9. Qxd2 cxd4 10. exd4 Bd6 11. O-O O-O 12. h3 Bh5 13. Rfe1 Rc8 14. Qe3 Bxf4 15. Qxf4 Qc7 16. Qxc7 Rxc7 17. g4 Bg6 18.
Bb5 h6 19. Ne5 Nxe5 20. Rxe5 a6 21. Bf1 Rb8 22. a4 Kf8 23. f3 Ke7 24. Kf2 Kd6 25. Ree1 f6 26. f4 Be4 27. Ke3 g5 28. c4 gxf4+ 29.
Kxf4 e5+ 30. Ke3 Re7 31. c5+ Ke6 32. a5 f5 33. gxf5+ Bxf5 34. Kd2 e4 35. Ra3 Rg7 36.
b4 Rg1 37. Rae3 Rbg8 38. Rc3 R8g3 39. Rxg3 Rxg3 40. Re3 Rg1 41. Ke1 Bg6 42. Kf2 Rg5 43. Rg3 Be8 44. h4 Rf5+ 45. Ke1 Rf4 46. Bh3+ 1-0

[Event "*** Titled Tuesday Blitz"]
[Site "Chess.com"]
[Date "2020.10.20"]
[Round "11"]
[White "xamax2000"]
[Black "Heineccius"]
[Result "1-0"]
[WhiteElo "2678"]
[BlackElo "2537"]
[TimeControl "180+1"]
[EndTime "12:08:31 PDT"]
[Termination "xamax2000 won on time"]

1. d4 Nf6 2. c4 e6 3. Nf3 Bb4+ 4. Nbd2 d5 5. Qa4+ Nc6 6. Qc2 O-O 7. a3 Be7 8. b3 a5 9. Bb2 Nb8 10. e4 dxe4 11. Nxe4 Nbd7 12. O-O-O Nxe4 13. Qxe4 Nf6 14. Qh4 b5 15. Ne5 Bb7 16. Bd3 h6 17. Rhe1 a4 18. d5 exd5 19. Re3 Ne4 20. Qh5 Qc8 21. Bxe4 dxe4 22.
Rg3 Bg5+ 23. Kb1 Qf5 24. h4 e3+ 25. Ka1 exf2 26. Rf1 Qf4 27. hxg5 Qxg3 28. Ng4 f6 29. Nxh6+ gxh6 30. Qg6+ Kh8 31. Qxh6+ Kg8 32. Qg6+ 1-0

[Event "*** Titled Tuesday Blitz"]
[Site "Chess.com"]
[Date "2020.10.20"]
[Round "11"]
[White "Skat2704"]
[Black "zverr1"]
[Result "1/2-1/2"]
[WhiteElo "2293"]
[BlackElo "2399"]
[TimeControl "180+1"]
[EndTime "12:08:31 PDT"]
[Termination "Game drawn by agreement"]

1. d4 Nf6 2. c4 g6 3. Nc3 Bg7 4.
e4 O-O 5. Nf3 d6 6. Be2 e5 7. dxe5 dxe5 8. Qxd8 Rxd8 9. Bg5 Rf8 10. O-O c6 11. Rfd1 Bg4 12. h3 Bxf3 13. Bxf3 Nbd7 14.
Be3 Rfd8 15. c5 a5 16. Na4 Nf8 17. b3 Ne6 18. Nb6 Rab8 19. Nc4 Bf8 20. Nxe5 Bxc5 21.
Bxc5 Nxc5 22. Nc4 Ncxe4 23. Nxa5 Rxd1+ 24. Rxd1 Ra8 25. Nxb7 Rxa2 26. Nd6 Nxf2 27. Re1 Nd3 28. Re7 Rb2 29. Nxf7 Nd5 30. Nh6+ Kf8 31. Rxh7 Ne3 32. h4 Rxb3 33. h5 gxh5 34. Bxh5 Rb1+ 35. Kh2 Nf1+ 36. Kh3 Nf4+ 37. Kg4 Nxh5 38. Kxh5 Ne3 39. Kg6 Rg1 1/2-1/2

[Event "*** Titled Tuesday Blitz"]
[Site "Chess.com"]
[Date "2020.10.20"]
[Round "11"]
[White "GMJustin"]
[Black "GlennTipton"]
[Result "1-0"]
[WhiteElo "2286"]
[BlackElo "2407"]
[TimeControl "180+1"]
[EndTime "12:08:32 PDT"]
[Termination "GMJustin won by resignation"]

1. e4 e5 2. f4 Nc6 3. Nf3 f5 4. exf5 e4 5. Ne5 Nf6 6. d3 Bc5 7. dxe4 O-O 8. Bc4+ Kh8 9. Nc3 Nxe5 10. fxe5 Nxe4 11.
Nxe4 Qh4+ 12. Ng3 Qxc4 13. Qd3 Qxd3 14. cxd3 Bd4 15. Bf4 Bxb2 16. Rb1 Bxe5 17. Bxe5 Re8 18. Kd2 Rxe5 19. Rhe1 Rxe1 20. Rxe1 Kg8 21. Re8+ Kf7 22.
Rh8 h6 23. Nh5 d5 24. g4 Bxf5 25. Rxa8 Bxg4 26. Nf4 a6 27. Ra7 Bc8 28. Nxd5 Ke6 29. Nxc7+ Kd6 30. Ne8+ Kc6 31. Ra8 Kd7 32. Nxg7 b5 33.
d4 Bb7 34. Rh8 Bd5 35. a3 1-0

[Event "*** Titled Tuesday Blitz"]
[Site "Chess.com"]
[Date "2020.10.20"]
[Round "11"]
[White "chessplayer9919"]
[Black "UKR_Master"]
[Result "1-0"]
[WhiteElo "2621"]
[BlackElo "2457"]
[TimeControl "180+1"]
[EndTime "12:08:34 PDT"]
[Termination "chessplayer9919 won by resignation"]

1. e4 c5 2. Nc3 Nc6 3. Bb5 Nd4 4. Nf3 e6 5. O-O a6 6. Bd3 Nc6 7. b3 Nf6 8. Bb2 d6 9. Re1 Be7 10. e5 dxe5 11. Nxe5 Nxe5 12. Rxe5 Qc7 13. Re1 O-O 14. Ne4 Nd5 15. Qh5 h6 16. Qg4 e5 17. Qg3 f6 18. Bc4 Be6 19. Nc3 Rad8 20. Qf3 Qc6 21. a4 Rd7 22. Nxd5 Bxd5 23. Bxd5+ Qxd5 24. Qxd5+ Rxd5 25. d3 Bd8 26. Kf1 Ba5 27. Re4 Rc8 28. g4 Kf7 29. h4 Ke6 30. f4 Kd6 31. f5 Bd2 32. Ke2 Bf4 33. c4 Rd4 34. Bxd4 cxd4 35. b4 Kc6 36.
Kf3 Bd2 37. Rb1 Kd6 38. Re2 Bf4 39. Ke4 Rc6 40. Rc2 b6 41. c5+ bxc5 42. bxc5+ Rxc5 43. Rxc5 Kxc5 44. Rb7 a5 45. Rb5+ Kc6 46. Rxa5 Bg3 47. h5 Bf4 48. Ra7 Bg5 49. Rxg7 Kb6 50. Rxg5 1-0

[Event "*** Titled Tuesday Blitz"]
[Site "Chess.com"]
[Date "2020.10.20"]
[Round "11"]
[White "Me_ch_an"]
[Black "doons21"]
[Result "0-1"]
[WhiteElo "2386"]
[BlackElo "2552"]
[TimeControl "180+1"]
[EndTime "12:08:34 PDT"]
[Termination "doons21 won by resignation"]

1. e4 e6 2. d4 d5 3. e5 c5 4. c3 Qb6 5. g3 Nc6 6. Ne2 f6 7. Nf4 cxd4 8. Qh5+ Ke7 9. Ng6+ hxg6 10. Qxh8 Kf7 11. exf6 Nxf6 12. Bg2 e5 13. O-O d3 14.
Nd2 Bg4 15. Bf3 e4 16. Bxg4 Nxg4 17. Qh3 Nce5 18. Nb3 Nf3+ 19. Kg2 Qe6 20. Nd4 Nxd4 21. cxd4 Be7 22. f3 Nf6 23. Qxe6+ Kxe6 24. Be3 Bd6 25. Rac1 a5 26. a3 Ra6 27. Kf2 Rb6 28. Rb1 Rb3 29.
Ke1 Bxa3 30. Kd2 Bxb2 31. h3 a4 32. g4 exf3 33. Rxf3 Ne4+ 34. Ke1 a3 0-1

[Event "*** Titled Tuesday Blitz"]
[Site "Chess.com"]
[Date "2020.10.20"]
[Round "11"]
[White "Barmen_EV"]
[Black "googlegoom"]
[Result "1-0"]
[WhiteElo "2518"]
[BlackElo "2367"]
[TimeControl "180+1"]
[EndTime "12:08:37 PDT"]
[Termination "Barmen_EV won by resignation"]

1. d4 d5 2. c4 c6 3. Nc3 Nf6 4. Nf3 e6 5. e3 Nbd7 6. Qc2 Bd6 7. b3 a6 8. Bb2 Qe7 9. Bd3 dxc4 10. bxc4 e5 11. O-O O-O 12. Rfe1 Re8 13. Bf1 e4 14. Nd2 Bxh2+ 15. Kxh2 Ng4+ 16. Kg3 Qd6+ 17. f4 Qg6 18. f5 Qxf5 19. Ndxe4 Qh5 20. Bd3 f5 21.
Nf2 Nxe3 22. Qe2 Qg5+ 23. Ng4 fxg4 24. Ne4 Nf5+ 25. Kf2 Qd8 26. Qxg4 Rf8 27. Kg1 Nf6 28. Nxf6+ Qxf6 29. Re5 g6 30. Rf1 Bd7 31. d5 Qf7 32. Bxf5 Bxf5 33. Qd4 c5 34. Qc3 Qf6 35. Rexf5 Qxc3 36. Rxf8+ Rxf8 37. Rxf8+ Kxf8 38. Bxc3 Ke7 39. Kf2 Kd7 40.
Ke3 1-0